Map: Inside and Out

Players

BurgrFlipper - Winner!

  • Race: Terran Terran
  • League: Grandmaster
  • Spawn Location: 7:00

llllllllllll

  • Race: Terran Terran
  • League: Grandmaster
  • Spawn Location: 1:00

VOD

Have the link to the VOD?

Description

beat haxor LUL

Time

  • Played on: Oct. 29, 2022, 5:37 p.m.
  • Length: 10:36
Show
View Real Time Build Order
Export as new Build Order

BurgrFlipper Terran - Winner!

Build Orders: Mech 

Get SALT Encoding   

  12  0:00  SCV  
  13  0:12  SCV  
  14  0:18  Supply Depot  
  14  0:25  SCV  
  15  0:39  SCV  
  15  0:41  Barracks  
  16  0:44  Refinery  
  16  0:50  Refinery  
  16  0:52  SCV  
  17  1:05  SCV  
  18  1:17  SCV  
  19  1:28  Reaper  
  19  1:29  Orbital Command  
  19  1:31  Supply Depot  
  20  1:46  Factory  
  20  1:56  SCV  
  20  2:01  Reaper  
  22  2:10  SCV  
  23  2:21  Command Center  
  23  2:24  SCV  
  24  2:30  Hellion  
  26  2:37  SCV  
  26  2:38  Barracks Reactor  
  27  2:44  Supply Depot  
  27  2:49  SCV  
  27  2:50  Starport  
  28  2:52  Factory Tech Lab  
  28  3:01  SCV  
  29  3:10  Cyclone  
  32  3:13  SCV  
  32  3:15  Marine x2  
  35  3:27  Medivac  
  35  3:31  SCV  
  35  3:32  Marine  
  35  3:33  Marine  
  40  3:34  Refinery  
  40  3:38  Orbital Command  
  40  3:43  SCV  
  40  3:46  Cyclone  
  44  3:51  Marine  
  44  3:54  Marine  
  44  3:55  SCV  
  47  3:59  Starport Tech Lab  
  47  4:07  SCV  
  47  4:08  SCV  
  49  4:14  Supply Depot, Marine x2  
  51  4:19  Raven, SCV  
  51  4:24  Supply Depot  
  54  4:27  SCV  
  50  4:31  SCV  
  50  4:34  Marine  
  50  4:35  Marine  
  50  4:36  Siege Tank  
  56  4:39  SCV  
  56  4:43  SCV  
  58  4:51  SCV  
  59  4:53  Marine x2  
  59  4:56  SCV  
  62  5:03  Raven, SCV  
  65  5:08  SCV  
  66  5:15  SCV  
  66  5:17  Marine x2, Siege Tank  
  70  5:25  Refinery  
  70  5:26  SCV  
  70  5:27  SCV  
  72  5:30  Command Center  
  72  5:35  Supply Depot, Marine x2  
  74  5:38  SCV  
  74  5:40  SCV  
  74  5:50  SCV  
  74  5:52  SCV  
  74  5:54  Marine  
  74  5:57  Raven, Siege Tank  
  82  6:08  SCV x2  
  82  6:20  SCV x2, Factory x2  
  84  6:27  Barracks Reactor, Engineering Bay  
  84  6:28  Supply Depot  
  84  6:32  SCV  
  80  6:36  Refinery  
  74  6:40  Refinery  
  74  6:43  Orbital Command  
  74  6:45  Siege Tank  
  74  6:46  SCV  
  78  6:59  SCV  
  79  7:02  Viking x2  
  83  7:09  SCV  
  77  7:22  Siege Tank x2  
  73  7:25  Hellion  
  73  7:26  Hellion  
  77  7:30  SCV, Orbital Command  
  77  7:32  Viking x2  
  77  7:38  SCV  
  77  7:40  Starport  
  77  7:42  Starport  
  76  7:57  Siege Tank  
  76  7:58  Hellion x2, Siege Tank  
  77  8:03  SCV x2  
  77  8:05  SCV  
  80  8:13  Viking  
  80  8:14  Viking  
  80  8:15  SCV x2  
  80  8:17  SCV  
  87  8:27  SCV x2, Viking x2  
  89  8:29  SCV  
  94  8:37  Siege Tank, Missile Turret  
  94  8:39  SCV x2, Missile Turret  
  94  8:40  Siege Tank  
  102  8:46  Viking  
  102  8:48  Viking  
  106  8:53  SCV x3  
  109  9:01  Armory  
  109  9:10  Supply Depot  
  109  9:16  Supply Depot  
  109  9:26  SCV x3, Viking, Siege Tank  
  109  9:28  Viking  
  117  9:31  Viking x2  
  117  9:32  Supply Depot, Hellion x2  
  117  9:38  Siege Tank  
  128  9:45  SCV  
  129  9:50  Factory  
  129  9:52  SCV, Factory  
  130  10:06  Command Center  
Show
View Real Time Build Order
Export as new Build Order

llllllllllll Terran 

Build Orders: Gas First Reaper Expand 

Get SALT Encoding   

  12  0:00  SCV  
  13  0:12  SCV  
  14  0:17  Supply Depot  
  14  0:24  SCV  
  15  0:29  Refinery  
  15  0:38  SCV  
  16  0:45  Barracks  
  16  0:50  SCV  
  17  1:02  SCV  
  18  1:15  SCV  
  19  1:32  Reaper  
  20  1:33  Orbital Command  
  20  1:43  Command Center  
  20  1:53  Factory  
  20  1:59  SCV  
  21  2:06  Barracks Reactor  
  21  2:08  Supply Depot  
  21  2:11  SCV  
  22  2:17  Refinery  
  22  2:24  SCV  
  23  2:36  SCV  
  24  2:38  Hellion  
  24  2:42  Marine x2  
  24  2:43  Starport  
  28  2:50  SCV  
  29  2:56  Orbital Command  
  29  3:00  Factory Tech Lab, Marine  
  29  3:02  Marine  
  31  3:06  SCV  
  32  3:18  SCV  
  32  3:19  Cyclone  
  36  3:22  Starport Tech Lab  
  36  3:24  SCV  
  36  3:26  Marine x2  
  39  3:34  Supply Depot  
  39  3:36  SCV  
  39  3:37  Refinery  
  39  3:38  SCV  
  42  3:48  SCV  
  42  3:49  Viking  
  44  3:56  Siege Tank  
  44  3:57  Supply Depot  
  44  3:58  Marine  
  44  3:59  Marine  
  44  4:02  SCV  
  50  4:03  SCV  
  51  4:14  SCV  
  51  4:15  SCV  
  53  4:22  Barracks  
  53  4:28  SCV x2  
  55  4:32  Stimpack  
  55  4:36  Starport  
  55  4:39  Refinery  
  55  4:40  SCV, Starport Reactor  
  55  4:41  SCV, Supply Depot  
  57  4:46  Siege Tank  
  57  4:47  Marine  
  61  4:53  SCV, Supply Depot  
  62  5:03  SCV  
  62  5:05  Marine  
  64  5:13  SCV  
  64  5:15  SCV  
  64  5:18  Starport Reactor  
  65  5:21  Viking  
  65  5:22  Marine, Viking  
  65  5:25  SCV  
  65  5:26  Supply Depot  
  65  5:27  SCV, Supply Depot  
  72  5:30  Marine x2  
  74  5:37  SCV  
  74  5:40  Marine  
  76  5:47  Marine  
  76  5:48  Marine  
  78  5:51  Viking  
  80  5:58  Marine  
  81  6:05  Marine x2  
  81  6:10  Siege Tank  
  86  6:12  Combat Shield, Viking x2  
  86  6:13  Liberator  
  86  6:16  Marine  
  94  6:18  Supply Depot  
  94  6:23  SCV x2, Marine x2  
  90  6:34  Marine  
  74  6:41  Marine x2, Viking  
  74  6:42  Viking  
  74  6:43  Siege Tank  
  74  6:46  SCV x2  
  83  6:51  Marine, Liberator  
  87  6:59  Marine x2  
  89  7:09  Marine  
  86  7:16  Marine  
  86  7:17  Marine  
  77  7:27  Marine  
  77  7:29  SCV x2  
  75  7:34  Marine x2  
  75  7:35  Liberator x2  
  83  7:45  Marine  
  78  7:52  Marine x2  
  78  7:56  SCV x2  
  77  8:03  Marine  
  70  8:08  SCV x2  
  70  8:09  Barracks  
  70  8:10  Marine x2  
  70  8:11  Barracks, Siege Tank  
  76  8:15  Command Center  
  76  8:20  Engineering Bay, Viking  
  76  8:21  Marine  
  76  8:22  SCV  
  80  8:28  Marine x2, Viking  
  80  8:34  Viking  
  86  8:38  Marine  
  87  8:43  Siege Tank  
  87  8:45  Viking  
  87  8:46  Marine x2  
  94  8:48  SCV  
  94  8:49  SCV  
  94  8:50  Viking  
  98  8:56  Marine  
  98  8:59  Factory  
  98  9:01  Factory, Supply Depot  
  99  9:03  Marine  
  99  9:04  Marine  
  99  9:05  Barracks Tech Lab  
  99  9:06  Barracks Tech Lab  
  99  9:08  Viking  
  99  9:09  Viking  
  105  9:14  Marine  
  105  9:15  SCV  
  106  9:24  SCV  
  106  9:27  Refinery, Viking  
  106  9:28  Viking  
  106  9:29  Refinery  
  113  9:31  Siege Tank  
  113  9:38  Viking  
  113  9:39  Marauder x2, Marine  
  120  9:52  Marine x2  
  120  9:57  Marine  
Tags
 
Add a new tag
Caveats
  • Supply blocks, unpowered buildings, or Contaminate may cause inaccurate times.
  • Supply counts are checked every 10 seconds.